 Dungeon Crawl Stone Soup version 0.30-a0-799-g109b55a442 (webtiles) character file.

Game seed: 10942798838459882926

14191 hikkokomori the Covert (level 12, -3/73 HPs)
             Began as a Gargoyle Monk on Feb 20, 2023.
             Was a High Priest of Vehumet.
             Slain by a frost giant
             ... wielding a +2 battleaxe of freezing
              (35 damage)
             ... on level 11 of the Dungeon on Feb 21, 2023.
             The game lasted 00:40:21 (11626 turns).

hikkokomori the Covert (Gargoyle Monk)             Turns: 11626, Time: 00:40:21

Health: -3/73      AC: 19    Str: 16    XL:     12   Next: 13%
Magic:  10/17      EV: 17    Int: 24    God:    Vehumet [*****.]
Gold:   1240       SH:  0    Dex: 12    Spells: 0/18 levels left

rFire   . . .      SeeInvis +    u - +9 dagger of Iruzonecs {vamp, Int+4 SInv}
rCold   + . .      Faith    .    (no shield)
rNeg    + . .      Spirit   .    O - +0 troll leather armour
rPois   ∞          Reflect  .    x - +1 hat
rElec   +          Harm     .    B - scarf {+Inv}
rCorr   +          Rampage  .    H - +3 pair of gauntlets of War {Slay+5}
Will    .....                    a - +0 pair of boots {Fly}
Stlth   +++                      (no amulet)
HPRegen 1.12/turn                d - +5 ring of evasion
MPRegen 0.15/turn                l - ring "Wiqaed" {rC+ rCorr Str-2 Int+7}

@: flying
A: sickness immunity, AC +8, negative energy resistance 1, electricity
resistance, torment resistance 1, petrification resistance
a: Renounce Religion, Evoke Invisibility


You were on level 11 of the Dungeon.
You worshipped Vehumet.
Vehumet was extremely pleased with you.
You visited 2 branches of the dungeon, and saw 12 of its levels.
You also visited: Sewer, Ossuary and Bailey.

You collected 1240 gold pieces.

Inventory:

Hand Weapons
 r - the +7 hammer of the Bursting Seeker {venom, rElec rF+ Int-2}
   (You found it on level 2 of the Dungeon)

   Int:       It affects your intelligence (-2).
   rF:        It protects you from fire.
   rElec:     It insulates you from electricity.
 u - the +9 dagger of Iruzonecs (weapon) {vamp, Int+4 SInv}
   (You found it on level 6 of the Dungeon)

   Int:       It affects your intelligence (+4).
   SInv:      It lets you see invisible.
Missiles
 j - a throwing net
 s - 5 curare-tipped darts
Armour
 a - a +0 pair of boots of flying (worn)
 b - a +0 robe
 m - a +2 robe of cold resistance
 x - a +1 hat (worn)
 y - a +0 cloak
 B - a scarf of invisibility (worn)
 H - the +3 pair of gauntlets of War (worn) {Slay+5}
   (You found it on level 5 of the Dungeon)

   Slay:      It affects your accuracy & damage with ranged weapons and melee
   (+5).
 M - a +0 tower shield
 O - a +0 troll leather armour (worn)
Magical Staves
 o - a staff of cold
Jewellery
 d - a +5 ring of evasion (left hand)
 l - the ring "Wiqaed" (right hand) {rC+ rCorr Str-2 Int+7}
   (You acquired it on level 3 of the Dungeon)

   [ring of protection from cold]

   Str:       It affects your strength (-2).
   Int:       It affects your intelligence (+7).
   rC:        It protects you from cold.
   rCorr:     It protects you from acid and corrosion.
 n - a ring of positive energy
 I - a ring of fire
Wands
 p - a wand of polymorph (6)
 S - a wand of flame (8)
 U - a wand of acid (2)
Scrolls
 q - a scroll of vulnerability {unknown}
 z - 2 scrolls of fog
 C - a scroll of blinking {unknown}
 D - 5 scrolls of magic mapping
 E - 4 scrolls of enchant armour {unknown}
 J - a scroll of poison {unknown}
 L - 5 scrolls of teleportation
 N - a scroll of brand weapon
 R - 2 scrolls of fear
 T - 2 scrolls of enchant weapon {unknown}
 W - 2 scrolls of amnesia {unknown}
Potions
 c - 2 potions of ambrosia
 e - a potion of magic {unknown}
 f - 5 potions of brilliance
 g - 2 potions of attraction
 h - 5 potions of degeneration
 i - a potion of berserk rage
 k - 7 potions of heal wounds
 t - a potion of mutation
 v - a potion of might
 w - 6 potions of curing
 A - 5 potions of flight
 G - 3 potions of lignification
 P - 2 potions of haste {unknown}
 Q - 3 potions of cancellation


   Skills:
 + Level 8.0 Fighting
 + Level 6.9 Short Blades
 - Level 6.0 Maces & Flails
 - Level 4.3 Armour
 + Level 3.3 Dodging
 - Level 8.1 Stealth
 - Level 3.1 Shields
 + Level 3.8 Spellcasting
 - Level 6.0 Conjurations
 + Level 7.3 Necromancy
 + Level 0.0 Air Magic
 - Level 7.5 Earth Magic
 - Level 0.2 Poison Magic


You couldn't memorise any spells.
You knew the following spells:

 Your Spells              Type           Power      Damage    Failure   Level
a - Necrotise             Necr           100%       1d9       1%          1
b - Animate Dead          Necr           39%        N/A       6%          4
c - Mephitic Cloud        Conj/Pois/Air  14%        N/A       4%          3
d - Momentum Strike       Conj/Tloc      38%        3d9       1%          2
e - Stone Arrow           Conj/Erth      74%        3d11      1%          3
f - Lightning Bolt        Conj/Air       9%         1d22      24%         5

Your spell library contained the following spells:

 Spells                   Type           Power      Damage    Failure   Level
 Kiss of Death            Conj/Necr      100%       2d13      1%          1
 Magic Dart               Conj           100%       1d8       1%          1
 Vampiric Draining        Necr           39%        2d8       1%          3
 Iskenderun's Battlesphe  Conj           33%        2d9       8%          5
 Apportation              Tloc           8%         N/A       12%         1
 Summon Small Mammal      Summ           16%        N/A       12%         1
 Agony                    Necr           39%        N/A       16%         5
 Borgnjor's Vile Clutch   Necr/Erth      20%        N/A       16%         5
 Call Imp                 Summ           4%         N/A       19%         2
 Anguish                  Hex/Necr       11%        N/A       26%         4
 Iron Shot                Conj/Erth      18%        9d4       28%         6
 Simulacrum               Ice/Necr       11%        N/A       99%         6
 Spellforged Servitor     Conj/Summ      9%         N/A       99%         7


Dungeon Overview and Level Annotations

Branches:
Dungeon (11/15)            Temple (1/1) D:5            Lair (0/5) D:11
    Orc (0/2) D:11          Sewer (visited)         Ossuary (visited)
 Bailey (visited)

Altars:
Ashenzari
Cheibriados
Dithmenos
Elyvilon
Fedhas
Gozag
Hepliaklqana
Kikubaaqudgha
Makhleb
Nemelex Xobeh
Okawaru
Qazlal
Ru
Sif Muna
Trog
Uskayaw
Vehumet
Wu Jian
Xom
Yredelemnul
Zin
The Shining One

Shops:
D:2 [(   D:4 *[   D:8 (


Innate Abilities, Weirdness & Mutations

You are immune to sickness and miasma.
Your stone body is resilient. (AC +8)
You are immune to poison.
You resist negative energy. (rN+)
You are resistant to electric shocks. (rElec)
You are resistant to unholy torment.
You are immune to petrification.


Message History

The stinking cloud engulfs the war gargoyle but does no damage.
The stinking cloud engulfs your manticore zombie but does no damage.
Your manticore zombie is moderately damaged.
The stinking cloud engulfs you but does no damage.
The yaktaur captain seems less confused.
The war gargoyle launches metal splinters at you.
The spray of metal splinters hits your manticore zombie!!!
Your manticore zombie is destroyed!
The spray of metal splinters hits you!!!
Ouch! That really hurt!
The frost giant is engulfed in noxious fumes.
The frost giant completely misses you.
The frost giant hits your ugly thing zombie with a +2 battleaxe of freezing!!
The frost giant freezes your ugly thing zombie.
You hit the frost giant but do no damage.
The frost giant is heavily wounded.
The war gargoyle launches metal splinters at you.
The spray of metal splinters hits your ugly thing zombie!!
The spray of metal splinters hits you!
* * * LOW HITPOINT WARNING * * *
Your ugly thing zombie hits the war gargoyle.
You feel much better.
The war gargoyle hits your ugly thing zombie with a +0 great mace!
The frost giant is engulfed in noxious fumes.
The frost giant hits you with a +2 battleaxe of freezing.
The frost giant hits your ugly thing zombie with a +2 battleaxe of freezing!!
The war gargoyle hits your ugly thing zombie with a +0 great mace!!
Your ugly thing zombie is destroyed!
Okay, then.
The frost giant attacks as you move away!
The frost giant hits you with a +2 battleaxe of freezing.
Press: ? - help, v - describe, . - travel
Here: a frost giant, wielding a +2 battleaxe of freezing (moderately wounded, ally target)
The floor.
As you read the scroll of fear, it crumbles to dust.
You assume a fearsome visage.
The frost giant resists with almost no effort.
The war gargoyle is unaffected.
The frost giant hits you with a +2 battleaxe of freezing!!
You die...

################.....#.#
......######...........#
......#....'..###......#
......#....#..# #......#
......#....#..# #..###.#
.#####################.#
...#.#(.#.#....9#.#....#
###.##.Z#.#.##cC#.#....#
.#.#.#..#Z#....#@##....#
.#..#.#.#Z##.c##.#.....#
####.#.#..#... #.#.....#
##..#.#.#.##.. #.#.###.#
.###...#.##.=| #.##....#
.#..###.#.######Z.##...#
####.....#.#.....#.#####
.#..#####.#)#Z..#.##
.###Z.Z.Z..#)#.#.#.#


You could see a frost giant (ally target), a yaktaur captain, a war gargoyle and
a friendly cyclops zombie.

Vanquished Creatures
  Fannar (D:10)
  An ogre mage (D:11)
  A centaur warrior (D:11)
  A two-headed ogre (D:11)
  A sea snake (shapeshifter) (D:11)
  A harpy (D:11)
  An orc knight (Bailey)
  An ugly thing (D:11)
  2 cyclopes (D:11)
  A manticore (D:11)
  4 kobold demonologists (D:10)
  An unseen horror (D:11)
  3 hornets
  2 yaks (D:9)
  A wraith (D:10)
  A steam dragon (D:7)
  4 vampire mosquitoes (D:10)
  Menkaure (Ossuary)
  3 water moccasins
  An acid dragon (D:11)
  A sky beast (D:6)
  2 ice beasts (D:6)
  2 black bears
  10 orc warriors
  9 centaurs
  2 ogres (D:5)
  4 kobold brigands
  2 bullfrogs
  2 necrophages
  5 scorpions
  5 wights (D:6)
  7 howler monkeys
  3 orc priests
  5 hounds
  A jelly (D:7)
  2 water moccasin simulacra (D:5)
  Crazy Yiuf (D:2)
  Jessica (D:2)
  4 iguanas
  6 orc wizards
  Natasha (thrice) (D:2)
  A bullfrog simulacrum (D:5)
  A scorpion simulacrum (D:5)
  3 mummies (Ossuary)
  11 adders
  4 gnolls (D:2)
  8 river rats
  A hound simulacrum (D:5)
  2 shadow imps
  4 white imps
  An ufetubus (D:5)
  3 worms
  2 dart slugs
  31 orcs
  7 endoplasms
  3 giant cockroaches
  5 gnoll zombies (Ossuary)
  7 goblins
  17 hobgoblins
  40 kobolds
  3 quokkas
  9 ball pythons
  2 bats
  6 frilled lizards
  8 gnoll skeletons (Ossuary)
  5 goblin skeletons (Ossuary)
  5 goblin zombies (Ossuary)
  2 hobgoblin skeletons (Ossuary)
  6 hobgoblin zombies (Ossuary)
  4 kobold skeletons (Ossuary)
  3 kobold zombies (Ossuary)
  3 orc skeletons (Ossuary)
  3 orc zombies (Ossuary)
  12 rats
  3 rat skeletons (Ossuary)
  3 rat zombies (Ossuary)
337 creatures vanquished.

Vanquished Creatures (collateral kills)
  A cyclops (D:11)
  A wyvern (D:9)
  The ghost of mitch45678 the Cudgeller, an amateur AtAr (D:5)
  A meliai simulacrum (D:11)
  A kobold (D:7)
5 creatures vanquished.

Vanquished Creatures (others)
  An ugly thing zombie (D:11)
  A centaur zombie (D:11)
  An ogre zombie (D:11)
  A sky beast (D:6)
  A manticore zombie (D:11)
  A hound (D:7)
  4 kobold zombies
  9 orc zombies
19 creatures vanquished.

Grand Total: 361 creatures vanquished

Notes
Turn   | Place    | Note
-------+----------+-------------------------------------------
     0 | D:1      | hikkokomori the Gargoyle Monk began the quest for the Orb.
     0 | D:1      | Reached XP level 1. HP: 14/14 MP: 1/1
    55 | D:1      | Found a faded altar of an unknown god.
   178 | D:1      | Reached XP level 2. HP: 16/19 MP: 2/2
   624 | D:2      | Reached XP level 3. HP: 13/24 MP: 3/3
   967 | D:2      | Reached XP level 4. HP: 29/29 MP: 4/4
  1019 | D:2      | Noticed Jessica
  1024 | D:2      | Killed Jessica
  1091 | D:2      | Noticed Natasha
  1094 | D:2      | Killed Natasha
  1124 | D:2      | Found Irhax's Antique Weapon Boutique.
  1179 | D:2      | Found Rodunyn's Armour Shop.
  1189 | D:2      | Reached XP level 5. HP: 25/33 MP: 5/5
  1255 | D:2      | Noticed Natasha
  1269 | D:2      | Killed Natasha
  1361 | D:2      | Noticed Natasha
  1474 | D:2      | Killed Natasha
  1496 | D:2      | Identified the +2 hammer "Worm" {heavy, Str+4}
  1501 | D:2      | Identified the +7 hammer of the Bursting Seeker {venom,
                  | rElec rF+ Int-2}
  1506 | D:2      | Found a runed translucent door.
  1507 | D:2      | Noticed Crazy Yiuf
  1518 | D:2      | Killed Crazy Yiuf
  1519 | D:2      | Reached XP level 6. HP: 16/39 MP: 6/6
  1732 | D:3      | Found an ornate altar of the Wu Jian Council.
  1732 | D:3      | Found an ancient bone altar of Kikubaaqudgha.
  1733 | D:3      | Found a snail-covered altar of Cheibriados.
  1741 | D:3      | Became a worshipper of Kikubaaqudgha
  1741 | D:3      | Reached * piety under Kikubaaqudgha
  1741 | D:3      | Received a gift from Kikubaaqudgha
  1741 | D:3      | Reached ** piety under Kikubaaqudgha
  1744 | D:3      | Learned a level 1 spell: Necrotise
  1993 | D:3      | Found a basalt altar of Yredelemnul.
  2551 | D:3      | Identified a scroll of acquirement
  2551 | D:3      | Acquired the ring "Wiqaed" {rC+ rCorr Str-2 Int+7}
  2626 | D:4      | Noticed a black bear
  2634 | D:4      | Killed a black bear
  2698 | D:4      | Noticed a black bear
  2698 | D:4      | Noticed a hornet
  2781 | D:4      | Reached skill level 1 in Necromancy
  2782 | D:4      | Found Dyragy's Assorted Antiques.
  2783 | D:4      | Found Meoddiggue's Armour Boutique.
  2949 | D:4      | Reached skill level 1 in Spellcasting
  3015 | D:4      | Reached skill level 5 in Fighting
  3015 | D:4      | Reached XP level 7. HP: 44/44 MP: 8/8
  3389 | D:5      | Entered Level 5 of the Dungeon
  3535 | D:5      | Reached skill level 5 in Stealth
  3723 | D:5      | Found a staircase to the Ecumenical Temple.
  3732 | Temple   | Entered the Ecumenical Temple
  4109 | D:6      | Identified the +9 dagger of Iruzonecs {vamp, Int+4 SInv}
  4136 | D:6      | Reached skill level 5 in Maces & Flails
  4136 | D:6      | Reached XP level 8. HP: 46/50 MP: 11/11
  4153 | D:6      | Learned a level 4 spell: Animate Dead
  4460 | D:6      | Reached XP level 9. HP: 33/56 MP: 14/14
  4594 | D:6      | Found a glowing drain.
  4596 | D:6      | Reached *** piety under Kikubaaqudgha
  4596 | D:6      | Received a gift from Kikubaaqudgha
  4600 | Sewer    | Entered a sewer
  5059 | D:6      | Reached skill level 1 in Short Blades
  5466 | D:5      | Found the +3 pair of gauntlets of War {Slay+5}
  5692 | D:5      | Found a radiant altar of Vehumet.
  5700 | D:5      | Fell from the grace of Kikubaaqudgha
  5700 | D:5      | Became a worshipper of Vehumet
  5765 | D:5      | Noticed mitch45678's ghost (amateur AtAr)
  5786 | D:5      | Found a runed translucent gate.
  5786 | D:5      | Found a runed translucent gate.
  5786 | D:5      | Found a runed translucent gate.
  5814 | D:5      | Killed mitch45678's ghost
  6422 | D:7      | Reached * piety under Vehumet
  6422 | D:7      | Offered knowledge of Foxfire by Vehumet.
  6427 | D:7      | Learned a level 3 spell: Mephitic Cloud
  6574 | D:7      | Reached skill level 1 in Conjurations
  7455 | D:8      | Found a hide-covered altar of Uskayaw.
  7459 | D:8      | Found a sand-covered staircase.
  7480 | Ossuary  | Entered an ossuary
  7549 | Ossuary  | Offered knowledge of Momentum Strike by Vehumet.
  7565 | Ossuary  | Learned a level 2 spell: Momentum Strike
  7567 | Ossuary  | Reached ** piety under Vehumet
  7733 | Ossuary  | Offered knowledge of Stone Arrow by Vehumet.
  7738 | Ossuary  | Learned a level 3 spell: Stone Arrow
  7761 | Ossuary  | Noticed Menkaure
  7767 | Ossuary  | Killed Menkaure
  7768 | Ossuary  | Reached XP level 10. HP: 36/61 MP: 12/15
  7790 | Ossuary  | Reached skill level 5 in Necromancy
  7790 | Ossuary  | Reached skill level 1 in Earth Magic
  7933 | D:8      | Reached skill level 1 in Shields
  7950 | D:8      | Reached *** piety under Vehumet
  7955 | D:8      | Found Zetohef's Antique Weapon Shop.
  8371 | D:8      | Found a blossoming altar of Fedhas.
  8572 | D:8      | Found a glowing silver altar of Zin.
  8917 | D:9      | Offered knowledge of Sticky Flame by Vehumet.
  9176 | D:9      | Found an iron altar of Okawaru.
  9229 | D:9      | Was forgiven by Kikubaaqudgha
  9447 | D:10     | Entered Level 10 of the Dungeon
  9452 | D:10     | Noticed a kobold demonologist
  9502 | D:10     | Found a flagged portal.
  9518 | Bailey   | Entered a bailey
  9527 | Bailey   | Noticed an orc knight
  9651 | Bailey   | Reached **** piety under Vehumet
  9851 | Bailey   | Offered knowledge of Lightning Bolt by Vehumet.
  9892 | Bailey   | Killed an orc knight
  9893 | Bailey   | Reached skill level 1 in Armour
 10102 | D:10     | Reached skill level 5 in Short Blades
 10142 | D:10     | Found a shimmering altar of Xom.
 10143 | D:10     | Noticed Fannar
 10156 | D:10     | Killed Fannar
 10157 | D:10     | Reached skill level 5 in Conjurations
 10157 | D:10     | Reached XP level 11. HP: 57/66 MP: 10/16
 10281 | D:10     | Reached skill level 5 in Earth Magic
 10726 | D:11     | Noticed a cyclops
 10731 | D:11     | Killed a cyclops
 10883 | D:11     | Found a staircase to the Orcish Mines.
 10904 | D:11     | Found a staircase to the Lair.
 11030 | D:11     | Noticed a two-headed ogre
 11034 | D:11     | Killed a two-headed ogre
 11198 | D:11     | Found a burning altar of Makhleb.
 11198 | D:11     | Noticed a balrug
 11466 | D:11     | Noticed a cyclops
 11472 | D:11     | Killed a cyclops
 11475 | D:11     | Noticed a purple ugly thing
 11484 | D:11     | Killed a purple ugly thing
 11491 | D:11     | Noticed a manticore
 11492 | D:11     | Noticed an ogre mage
 11497 | D:11     | Noticed a centaur warrior
 11497 | D:11     | Noticed a cyclops
 11500 | D:11     | Killed an ogre mage
 11505 | D:11     | Killed a centaur warrior
 11510 | D:11     | Killed a manticore
 11511 | D:11     | Reached XP level 12. HP: 42/72 MP: 17/17
 11556 | D:11     | Reached ***** piety under Vehumet
 11584 | D:11     | Learned a level 5 spell: Lightning Bolt
 11611 | D:11     | Noticed a frost giant
 11611 | D:11     | Noticed a yaktaur captain
 11612 | D:11     | Noticed a war gargoyle
 11626 | D:11     | Slain by a frost giant

Illustrated notes

Levels and vault maps discovered:
D:1:      tarquinn_simple_flora_water_e, layout_basic,
          nicolae_ecumenical_lake_church
D:2:      layout_basic, serial_shops, nicolae_shop_behind_doors,
          nicolae_lakefront_shop, uniq_natasha, uniq_jessica,
          uniq_crazy_yiuf_cottage
D:3:      layout_loops_corners, gammafunk_temple_overflow_forgotten,
          yredelemnul_altar_generic, minmay_liquid_box
D:4:      layout_rooms, nicolae_wooded_promenade, minmay_misc_feat_ornament,
          hangedman_glass_teeth, lightli_corner_chamber
D:5:      layout_basic, mainiacjoe_overflow_surrounded_room, temple_green,
          gammafunk_ghost_icy, hangedman_decor_growths
D:6:      layout_basic, gup_sewer_entry_spiral
D:7:      layout_loops_corners
D:8:      layout_loops_corners, mainiacjoe_overflow_small_starburst,
          nicolae_uskayaw_suspiria, zin_treasury, serial_shops, shop,
          enter_ossuary_1, minmay_misc_feat_hallway
D:9:      kennysheep_six_static_rooms, layout_cave_pools,
          kennysheep_okawaru_gauntlet
D:10:     layout_roguey, nicolae_overflow_crystal_walls, enter_bailey_4,
          uniq_fannar
D:11:     minmay_tearing_corner, layout_stronghold, lair_entry_dummy,
          orc_0_dummy, serial_co_window_serial, co_window_paths_b,
          co_window_paths_b, co_window_corner_a, co_window_paths_b,
          co_window_of_opportunity_a, co_window_of_opportunity_a,
          co_window_paths_a, co_window_of_opportunity_c, co_window_corner_ca,
          co_window_paths_c, co_window_4corner_b, co_window_paths_e,
          glass_columns_b, glass_columns_b, glass_columns_a, glass_columns_a,
          glass_columns_b, minivault_26, makhleb_altar_promises_db
Temple:   minmay_temple_forest_path

Skill      XL: |  1  2  3  4  5  6  7  8  9 10 11 12 |
---------------+-------------------------------------+-----
Stealth        | 3 4 5 6 8 |  8.1
Fighting       | 4 5 6 7 8 |  8.0
Dodging        | 3 |  3.3
Maces & Flails | 4 5 6 |  6.0
Necromancy     | 1 2 3 4 6 7 |  7.3
Spellcasting   | 1 2 3 |  3.8
Short Blades   | 3 5 6 |  6.9
Conjurations   | 2 5 6 |  6.0
Earth Magic    | 4 7 |  7.5
Shields        | 3 |  3.1
Armour         | 2 4 |  4.3
Poison Magic   | |  0.2

Action                     |  1- 3 |  4- 6 |  7- 9 | 10-12 || total
---------------------------+-------+-------+-------+-------++-------
  Melee: Mace              |    98 |    88 |   135 |       ||   321
         Punch             |     2 |       |     3 |     5 ||    10
         Dagger            |       |    27 |   280 |   275 ||   582
   Cast: Necrotise         |       |     4 |     3 |       ||     7
         Animate Dead      |       |       |     6 |     5 ||    11
         Momentum Strike   |       |       |     1 |       ||     1
         Stone Arrow       |       |       |       |    34 ||    34
         Mephitic Cloud    |       |       |       |    12 ||    12
  Evoke: Wand              |       |       |       |     2 ||     2
    Use: Scroll            |     1 |    10 |     4 |     9 ||    24
         Potion            |       |       |     1 |     1 ||     2
   Stab: Sleeping          |     3 |     7 |    16 |     8 ||    34
         Distracted        |       |       |     1 |     1 ||     2
         Confused          |       |       |       |    11 ||    11
 Armour: Robe              |    32 |    18 |    48 |    14 ||   112
         Ring mail         |       |    10 |    85 |       ||    95
         Troll leather arm |       |       |       |    90 ||    90
  Dodge: Dodged            |    83 |    70 |   315 |   246 ||   714

Table legend: (Time is in decaauts)
 A = Elapsed time spent in this place.
 B = Non-inter-level travel time spent in this place.
 C = Inter-level travel time spent in this place.
 D = Time resting spent in this place.
 E = Time spent auto-exploring this place.
 F = Levels seen in this place.
 G = Mean time per level.
                   A        B        C        D        E       F      G
               +--------+--------+--------+--------+--------+-----+--------+
         Total |  11693 |  11058 |    635 |    153 |   7841 |  15 |  779.5 |
       Dungeon |  10019 |   9424 |    595 |     75 |   6968 |  11 |  910.8 |
        Temple |    302 |    262 |     40 |      0 |    251 |   1 |  302.0 |
         Sewer |    400 |    400 |      0 |      0 |    189 |   1 |  400.0 |
       Ossuary |    431 |    431 |      0 |      9 |    182 |   1 |  431.0 |
        Bailey |    540 |    540 |      0 |     68 |    250 |   1 |  540.0 |
               +--------+--------+--------+--------+--------+-----+--------+

Top non-repeatable levels by time:
     D:5: 1224 daAuts
     D:7: 1176 daAuts
     D:2: 1116 daAuts
     D:3: 987 daAuts
     D:6: 950 daAuts
     D:8: 923 daAuts
    D:11: 921 daAuts
     D:4: 730 daAuts
    D:10: 674 daAuts
     D:9: 671 daAuts
     D:1: 642 daAuts
  Bailey: 540 daAuts
 Ossuary: 431 daAuts
   Sewer: 400 daAuts
  Temple: 302 daAuts
